[ AOE2 MATCH · #508672067 ]
UnrankedPoles vs Civ #60
Player's team · LOSS
Rival team · WIN
[ REPLAY ANALYSIS · EXTRACTED FROM THE RECORDED GAME ]
Feudal
11:01
Castle
16:35
Imperial
35:06
| APM avg | 49.5 |
| APM peak | 103 |
| eAPM avg | 33.2 |
| Villagers / military | 212 / 240 |
Focus
⚔️ 41.7% · 🌾 58.3%
Skirmisher ×91 · Archer ×68 · Scout Cavalry ×65 · Trebuchet (Packed) ×5 · Monk ×4 · Scorpion ×4
Feudal
8:52
Castle
21:27
Imperial
39:23
| APM avg | 57.1 |
| APM peak | 128 |
| eAPM avg | 32.2 |
| Villagers / military | 160 / 102 |
Focus
⚔️ 47.1% · 🌾 52.9%
Scout Cavalry ×90 · Unknown (2700) ×60 · Trebuchet (Packed) ×7 · Unknown (2703) ×5 · Militia ×3 · Mangonel ×2
Match map
Initial resources + every placement click. Lines = walls · curves = elevation contours. ◆ gold · ⬟ stone · ● berries · ✦ relic · ◌ wall gap
Your base· ✓ Closed at 16:35 · 22t walls · 3 gate(s)
Skwalette's base· ✓ Closed at 21:27 · 0t walls · 2 gate(s)
Smoothed initial terrain · ◌ = detected wall gap · hover for details
Inputs per minute
— KrazyHands - - Skwalette
Build order — KrazyHands
First 150 of 566 actions detected
| 0:01 | Queue | Villager (Male) ×4 |
| 0:03 | Build | House |
| 0:04 | Build | House |
| 1:30 | Queue | Villager (Male) |
| 2:00 | Queue | Villager (Male) |
| 2:25 | Queue | Villager (Male) ×2 |
| 2:48 | Build | Lumber Camp |
| 2:56 | Queue | Villager (Male) |
| 2:59 | Queue | Villager (Male) |
| 3:37 | Queue | Villager (Male) ×2 |
| 3:51 | Build | House |
| 3:52 | Build | House |
| 5:06 | Queue | Villager (Male) |
| 5:06 | Queue | Villager (Male) |
| 5:09 | Build | Mill |
| 5:56 | Queue | Villager (Male) |
| 5:56 | Queue | Villager (Male) |
| 5:57 | Queue | Villager (Male) |
| 5:58 | Queue | Villager (Male) |
| 6:02 | Queue | Villager (Male) |
| 7:29 | Build | Mining Camp |
| 7:54 | Queue | Villager (Male) |
| 8:00 | Research | Feudal Age |
| 8:02 | Research | Loom |
| 8:03 | Research | Feudal Age |
| 8:23 | Build | Barracks |
| 9:12 | Queue | Villager (Male) |
| 9:12 | Queue | Villager (Male) |
| 9:16 | Build | Farm |
| 9:18 | Build | Farm |
| 9:42 | Build | Palisade Wall |
| 9:57 | Build | Palisade Wall |
| 10:04 | Build | Palisade Wall |
| 11:01 | Age | Feudal Age |
| 11:11 | Build | Archery Range |
| 11:16 | Build | Watch Tower |
| 11:18 | Build | House |
| 11:23 | Queue | Villager (Male) |
| 11:47 | Queue | Archer |
| 11:48 | Queue | Archer |
| 11:56 | Build | House |
| 11:59 | Build | Palisade Wall |
| 12:13 | Queue | Villager (Male) |
| 12:35 | Build | Blacksmith |
| 12:50 | Build | Farm |
| 12:58 | Build | Lumber Camp |
| 13:00 | Queue | Archer |
| 13:11 | Queue | Villager (Male) |
| 13:33 | Build | Mining Camp |
| 13:43 | Build | House |
| 13:56 | Research | Castle Age |
| 14:04 | Queue | Archer |
| 14:31 | Research | Fletching |
| 14:43 | Research | Double-Bit Axe |
| 14:51 | Build | House |
| 15:09 | Build | Palisade Wall |
| 15:12 | Build | Palisade Wall |
| 15:18 | Queue | Archer |
| 15:19 | Queue | Archer |
| 15:35 | Queue | Archer |
| 16:09 | Build | Lumber Camp |
| 16:35 | Age | Castle Age |
| 16:37 | Build | House |
| 16:38 | Build | House |
| 16:47 | Queue | Villager (Male) ×2 |
| 17:06 | Build | Farm |
| 17:07 | Build | Farm |
| 17:08 | Build | Farm |
| 17:45 | Queue | Villager (Male) |
| 17:45 | Queue | Villager (Male) |
| 18:09 | Build | Farm |
| 18:17 | Queue | Villager (Male) |
| 18:25 | Build | Palisade Wall |
| 18:45 | Queue | Villager (Male) |
| 18:45 | Queue | Villager (Male) |
| 19:06 | Queue | Villager (Male) |
| 19:07 | Queue | Villager (Male) |
| 19:13 | Build | Castle |
| 19:42 | Queue | Villager (Male) |
| 19:42 | Queue | Villager (Male) |
| 20:00 | Build | Monastery |
| 20:30 | Build | Farm |
| 20:41 | Queue | Villager (Male) |
| 20:46 | Build | Palisade Wall |
| 20:54 | Queue | Monk |
| 21:14 | Queue | Obuch |
| 21:24 | Build | Farm |
| 21:28 | Queue | Villager (Male) |
| 21:28 | Queue | Villager (Male) |
| 21:33 | Build | Town Center |
| 21:51 | Queue | Villager (Male) |
| 21:58 | Build | Market |
| 22:02 | Queue | Villager (Male) |
| 22:23 | Build | Farm |
| 22:24 | Build | Farm |
| 22:25 | Queue | Villager (Male) |
| 22:31 | Build | Mill |
| 22:34 | Build | Farm |
| 22:35 | Build | Farm |
| 22:35 | Build | Farm |
| 22:49 | Queue | Villager (Male) |
| 22:53 | Build | Farm |
| 23:19 | Build | Farm |
| 23:22 | Queue | Monk |
| 23:25 | Queue | Villager (Male) |
| 23:26 | Queue | Villager (Male) |
| 23:36 | Queue | Monk |
| 23:44 | Build | Town Center |
| 24:09 | Queue | Villager (Male) |
| 24:11 | Queue | Villager (Male) ×4 |
| 24:12 | Queue | Villager (Male) ×4 |
| 24:20 | Queue | Villager (Male) |
| 24:26 | Build | Farm |
| 24:55 | Build | Siege Workshop |
| 24:56 | Build | Farm |
| 25:08 | Queue | Villager (Male) |
| 25:09 | Queue | Villager (Male) |
| 25:09 | Queue | Villager (Male) |
| 25:14 | Queue | Villager (Male) |
| 25:22 | Build | Town Center |
| 25:24 | Queue | Villager (Male) |
| 25:45 | Queue | Villager (Male) |
| 25:45 | Queue | Villager (Male) |
| 25:53 | Queue | Villager (Male) |
| 26:01 | Queue | Villager (Male) |
| 26:01 | Queue | Villager (Male) |
| 26:17 | Build | Mill |
| 26:18 | Build | Farm |
| 26:18 | Build | Farm |
| 26:18 | Build | Farm |
| 26:19 | Build | Farm |
| 26:19 | Build | Farm |
| 26:19 | Build | Farm |
| 26:22 | Queue | Villager (Male) |
| 26:22 | Queue | Villager (Male) |
| 26:32 | Build | Castle |
| 26:33 | Queue | Villager (Male) |
| 26:47 | Queue | Villager (Male) |
| 26:47 | Queue | Villager (Male) |
| 26:49 | Queue | Scorpion |
| 26:54 | Build | Farm |
| 27:01 | Queue | Villager (Male) |
| 27:08 | Build | Farm |
| 27:09 | Build | Farm |
| 27:09 | Build | Farm |
| 27:09 | Build | Farm |
| 27:09 | Build | Farm |
| 27:10 | Build | Farm |
| 27:10 | Build | Farm |
| 27:11 | Queue | Villager (Male) |
Build order — Skwalette
First 150 of 508 actions detected
| 0:00 | Queue | Villager (Male) |
| 0:00 | Queue | Villager (Male) |
| 0:01 | Queue | Villager (Male) |
| 0:01 | Queue | Villager (Male) |
| 0:03 | Build | House |
| 0:05 | Build | House |
| 1:39 | Queue | Villager (Male) |
| 1:54 | Build | Lumber Camp |
| 1:57 | Queue | Villager (Male) |
| 2:32 | Queue | Villager (Male) |
| 2:57 | Queue | Villager (Male) |
| 2:57 | Queue | Villager (Male) |
| 3:27 | Build | House |
| 3:29 | Build | House |
| 3:41 | Queue | Villager (Male) |
| 4:09 | Queue | Villager (Male) |
| 4:26 | Queue | Villager (Male) |
| 4:27 | Queue | Villager (Male) |
| 4:27 | Queue | Villager (Male) |
| 4:27 | Queue | Villager (Male) |
| 4:45 | Queue | Villager (Male) |
| 5:06 | Research | Loom |
| 5:09 | Build | Mill |
| 6:18 | Build | Barracks |
| 6:29 | Research | Feudal Age |
| 7:27 | Queue | Militia |
| 7:28 | Queue | Militia |
| 7:47 | Build | Mining Camp |
| 8:14 | Queue | Villager (Male) |
| 8:16 | Build | House |
| 8:26 | Queue | Militia |
| 8:52 | Age | Feudal Age |
| 9:07 | Queue | Villager (Male) |
| 9:09 | Research | Double-Bit Axe |
| 9:34 | Build | Watch Tower |
| 9:43 | Research | Man-at-Arms (upgrade) |
| 9:44 | Queue | Villager (Male) |
| 9:48 | Build | Farm |
| 9:49 | Build | Farm |
| 9:57 | Research | Horse Collar |
| 10:18 | Queue | Villager (Male) |
| 10:22 | Build | Farm |
| 10:44 | Queue | Villager (Male) |
| 10:50 | Build | Mining Camp |
| 10:55 | Queue | Villager (Male) |
| 11:13 | Build | House |
| 11:16 | Queue | Villager (Male) |
| 11:30 | Build | House |
| 11:39 | Queue | Villager (Male) |
| 12:05 | Queue | Villager (Male) |
| 12:08 | Build | Watch Tower |
| 12:21 | Build | Farm |
| 12:27 | Build | Farm |
| 12:30 | Build | Farm |
| 12:31 | Queue | Villager (Male) |
| 13:00 | Queue | Villager (Male) |
| 13:01 | Build | Farm |
| 13:05 | Build | Farm |
| 13:14 | Build | House |
| 13:40 | Queue | Villager (Male) |
| 13:50 | Build | House |
| 14:01 | Queue | Villager (Male) |
| 14:12 | Queue | Villager (Male) |
| 14:16 | Build | Blacksmith |
| 14:32 | Queue | Villager (Male) |
| 14:33 | Build | Farm |
| 14:37 | Build | Farm |
| 14:48 | Build | Watch Tower |
| 15:22 | Queue | Villager (Male) |
| 15:22 | Queue | Villager (Male) |
| 15:23 | Queue | Villager (Male) |
| 15:50 | Queue | Villager (Male) |
| 16:02 | Build | Watch Tower |
| 16:13 | Queue | Villager (Male) |
| 16:19 | Build | Lumber Camp |
| 16:21 | Build | Farm |
| 16:58 | Research | Wheelbarrow |
| 17:41 | Build | Market |
| 18:28 | Build | Watch Tower |
| 18:34 | Build | House |
| 18:47 | Research | Castle Age |
| 18:54 | Research | Gold Mining |
| 19:51 | Build | Barracks |
| 19:54 | Build | Barracks |
| 19:57 | Research | Scale Mail Armor |
| 19:58 | Research | Forging |
| 20:05 | Build | Archery Range |
| 20:07 | Build | Archery Range |
| 20:09 | Research | Fletching |
| 20:15 | Build | Stable |
| 20:32 | Build | Archery Range |
| 20:39 | Queue | Villager (Male) |
| 21:12 | Research | Bloodlines |
| 21:27 | Age | Castle Age |
| 21:30 | Queue | Unit 2700 |
| 21:30 | Queue | Unit 2700 |
| 21:31 | Queue | Unit 2700 |
| 21:42 | Build | Watch Tower |
| 21:46 | Queue | Villager (Male) |
| 21:51 | Build | Town Center |
| 22:00 | Build | Farm |
| 22:03 | Research | Bodkin Arrow |
| 22:04 | Queue | Unit 2700 |
| 22:05 | Queue | Unit 2700 |
| 22:07 | Research | Husbandry |
| 22:13 | Queue | Villager (Male) |
| 22:31 | Queue | Unit 2700 ×2 |
| 22:31 | Queue | Unit 2700 ×2 |
| 22:40 | Queue | Villager (Male) |
| 22:40 | Queue | Villager (Male) |
| 22:53 | Queue | Unit 2700 |
| 22:55 | Queue | Villager (Male) |
| 23:01 | Build | House |
| 23:07 | Queue | Unit 2700 |
| 23:07 | Queue | Unit 2700 |
| 23:12 | Research | Padded Archer Armor |
| 23:16 | Build | Town Center |
| 23:22 | Build | House |
| 23:23 | Build | House |
| 23:24 | Build | House |
| 23:25 | Build | House |
| 23:27 | Queue | Villager (Male) |
| 23:31 | Queue | Unit 2700 |
| 23:33 | Queue | Villager (Male) |
| 23:45 | Queue | Villager (Male) |
| 23:48 | Build | Lumber Camp |
| 24:15 | Research | Bow Saw |
| 24:17 | Build | House |
| 24:17 | Build | House |
| 24:23 | Queue | Villager (Male) |
| 24:30 | Queue | Villager (Male) |
| 24:30 | Queue | Villager (Male) |
| 24:36 | Research | Heavy Plow |
| 24:53 | Queue | Unit 2700 |
| 24:54 | Queue | Unit 2700 |
| 24:55 | Queue | Villager (Male) |
| 24:57 | Build | House |
| 24:58 | Build | House |
| 24:59 | Build | House |
| 25:03 | Queue | Villager (Male) |
| 25:03 | Queue | Villager (Male) |
| 25:15 | Build | Farm |
| 25:16 | Build | Farm |
| 25:19 | Queue | Villager (Male) |
| 25:21 | Queue | Unit 2700 |
| 25:22 | Queue | Unit 2700 |
| 25:36 | Queue | Villager (Male) |
| 25:48 | Build | Farm |
| 25:51 | Build | Farm |
| 25:53 | Build | Farm |
Match timeline
| 6:18 | Skwalette · first_building Barracks |
| 8:23 | KrazyHands · first_building Barracks |
| 8:52 | Skwalette · age_up feudal |
| 9:42 | KrazyHands · wall_segment Palisade Wall x6 |
| 9:57 | KrazyHands · wall_segment Palisade Wall x10 |
| 10:04 | KrazyHands · wall_segment Palisade Wall x3 |
| 11:01 | KrazyHands · age_up feudal |
| 11:11 | KrazyHands · first_building Archery Range |
| 11:59 | KrazyHands · wall_segment Palisade Wall x1 |
| 15:09 | KrazyHands · wall_segment Palisade Wall x1 |
| 15:12 | KrazyHands · wall_segment Palisade Wall x1 |
| 16:35 | KrazyHands · age_up castle |
| 18:25 | KrazyHands · wall_segment Palisade Wall x5 |
| 19:13 | KrazyHands · first_building Castle |
| 20:00 | KrazyHands · first_building Monastery |
| 20:05 | Skwalette · first_building Archery Range |
| 20:15 | Skwalette · first_building Stable |
| 20:46 | KrazyHands · wall_segment Palisade Wall x1 |
| 21:27 | Skwalette · age_up castle |
| 24:34 | Skwalette · first_market_buy 100 food |
| 24:55 | KrazyHands · first_building Siege Workshop |
| 28:10 | Skwalette · first_building Siege Workshop |
| 30:37 | Skwalette · first_market_sell 100 wood |
| 31:00 | Skwalette · first_building Castle |
| 31:53 | KrazyHands · first_market_buy 100 food |
| 35:06 | KrazyHands · age_up imperial |
| 35:15 | KrazyHands · first_market_sell 100 wood |
| 37:14 | KrazyHands · first_building Stable |
| 38:29 | KrazyHands · wall_segment Palisade Wall x15 |
| 39:23 | Skwalette · age_up imperial |
| 45:10 | Skwalette · wall_segment Stone Wall x8 |
| 45:17 | Skwalette · wall_segment Stone Wall x8 |
| 50:45 | KrazyHands · resign |
[ AI ANALYSIS · 1 CREDIT ]
What really happened in this match?
Wolo.gg analyzes every decision: build order, eco, micro, common mistakes by bracket. Personalized analysis on WhatsApp or Discord in 30 seconds.
Civ guide
Poles
Perfil
Jugador #17212059